 Dungeon Crawl Stone Soup version 0.31-a0-441-g867994ef1c (webtiles) character file.

Game seed: 3150283327454357247

7697 redmage the Arsonist (level 11, -4/78 HPs)
             Began as a Meteoran Earth Elementalist on Aug 2, 2023.
             Was a Priest of Cheibriados.
             Slain by a four-headed hydra (11 damage)
             ... in a Gauntlet.
             The game lasted 00:45:44 (1872 turns).

redmage the Arsonist (Meteoran Earth Elementalist)  Turns: 1872, Time: 00:45:45

Health: -4/78      AC: 11    Str: 15 (17) XL:     11   Next: 69%
Magic:  9/18       EV: 16    Int: 31      God:    Cheibriados [***...]
Gold:   504        SH:  0    Dex: 24      Spells: 3/19 levels left

rFire   + . .        a - +4 scimitar (flame)
rCold   . . .        (no shield)
rNeg    . . .        c - +0 troll leather armour
rPois   .            p - +1 hat of Cilamnef {rF+ Int+2}
rElec   .            g - +0 cloak
rCorr   .            (no gloves)
SInv    +            i - +0 pair of boots
Will    +....        (no amulet)
Stlth   +            j - +4 ring of protection
HPRegen 1.13/turn    l - ring of see invisible
MPRegen 0.16/turn

%: no teleportation
@: slowed, glowing, very slow
A: sense surroundings 2, otherworldly, glowing, explore regen
a: Renounce Religion, Bend Time, Temporal Distortion


You were in a Gauntlet.
You worshipped Cheibriados.
Cheibriados was most pleased with you.
You visited 4 branches of the dungeon, and saw 13 of its levels.
You also visited: Gauntlet.

You collected 504 gold pieces.

Inventory:

Hand Weapons
 a - a +4 scimitar of flaming (weapon)
 x - a +2 scimitar of holy wrath
Missiles
 b - 2 poisoned darts
 f - a curare-tipped dart
 r - 4 boomerangs
Armour
 c - a +0 troll leather armour (worn)
 g - a +0 cloak (worn)
 h - a +1 leather armour of fire resistance
 i - a +0 pair of boots (worn)
 p - the +1 hat of Cilamnef (worn) {rF+ Int+2}
   (You found it in a Gauntlet)

   Int:       It affects your intelligence (+2).
   rF:        It protects you from fire.
 u - +0 acid dragon scales
Jewellery
 j - a +4 ring of protection (left hand)
 l - a ring of see invisible (right hand)
Talismans
 k - a serpent talisman
Scrolls
 m - 2 scrolls of enchant armour
Potions
 e - a potion of brilliance
 o - a potion of curing


   Skills:
 - Level 1.6 Fighting
 + Level 1.6 Long Blades
 - Level 4.0 Throwing
 - Level 3.5 Armour
 - Level 5.5 Dodging
 - Level 1.4 Stealth
 - Level 4.5 Spellcasting
 - Level 9.3 Conjurations
 - Level 4.2 Transmutations
 * Level 11.3 Fire Magic
 - Level 10.3 Earth Magic
 - Level 1.9 Invocations


You had 3 spell levels left.
You knew the following spells:

 Your Spells              Type           Power      Damage    Failure   Level
a - Sandblast             Erth           100%       2d20      1%          1
b - Passwall              Tmut/Erth      42%        N/A       1%          2
c - Stone Arrow           Conj/Erth      100%       3d13      1%          3
d - Petrify               Tmut/Erth      51%        N/A       3%          4
e - Starburst             Conj/Fire      31%        6d10      16%         6

Your spell library contained the following spells:

 Spells                   Type           Power      Damage    Failure   Level
 Volatile Blastmotes      Fire/Tloc      84%        2d17      1%          3
 Dazzling Flash           Conj/Hex       72%        N/A       3%          3
 Gell's Gravitas          Tloc           7%         N/A       22%         3
 Teleport Other           Tloc           7%         N/A       22%         3
 Summon Ice Beast         Ice/Summ       7%         N/A       56%         4
 Summon Mana Viper        Hex/Summ       7%         N/A       89%         5
 Dispersal                Tloc           3%         N/A       100%        6
 Monstrous Menagerie      Summ           3%         N/A       100%        7
 Maxwell's Capacitive Co  Air            3%         ∞         100%        8


Dungeon Overview and Level Annotations

Branches:
Dungeon (9/15) Zot: 5905   Temple (1/1) D:7 Zot: 864    Lair (1/5) D:8 Zot: 878
    Orc (2/2) D:9 Zot: 1492 Gauntlet (1/1) Zot: 742
    Elf: Orc:2

Altars:
Ashenzari
Cheibriados
Fedhas
Gozag
Kikubaaqudgha
Nemelex Xobeh
Okawaru
Qazlal
Sif Muna
Trog
Uskayaw
Vehumet
Wu Jian
Xom
Zin

Annotations:
D:5 Grinder Gauntlet 7 transporters, 17 runed translucent doors, exclusion: lightning spire


Innate Abilities, Weirdness & Mutations

You passively map the area around you.
You are easily found by Zot.
You glow in the dark.
You regain HP and MP as you explore.


Message History

The six-headed hydra misses you. The six-headed hydra bites you!
The six-headed hydra bites you but does no damage.
The six-headed hydra bites you!
The six-headed hydra closely misses you.
The six-headed hydra barely misses you. x2
The six-headed hydra bites you but does no damage.
The six-headed hydra bites you.
Unknown command.
Unknown command.
Unknown command.
Unknown command.
You chop one of the six-headed hydra's heads off!
The flame cauterises the wound!
You slash the five-headed hydra! You burn the five-headed hydra.
The five-headed hydra is heavily wounded.
The torpor snail barely misses you.
The five-headed hydra closely misses you.
The five-headed hydra bites you!
* * * LOW HITPOINT WARNING * * *
The five-headed hydra bites you but does no damage.
The five-headed hydra barely misses you.
The five-headed hydra bites you but does no damage.
The torpor snail bites you but does no damage.
The five-headed hydra bites you.
* * * LOW HITPOINT WARNING * * *
The five-headed hydra closely misses you.
The five-headed hydra barely misses you. x2
The five-headed hydra misses you.
Unknown command.
You lop one of the five-headed hydra's heads off!
The flame cauterises the wound!
You slash the four-headed hydra! You burn the four-headed hydra.
The four-headed hydra is severely wounded.
The four-headed hydra bites you but does no damage.
The four-headed hydra closely misses you. x2
The four-headed hydra bites you!
* * * LOW HITPOINT WARNING * * *
The torpor snail bites you but does no damage.
The four-headed hydra bites you!
You die...

#.©.#....≈....#.©.#.....#8#
#...#...§8≈...#...#.8...###
#.©.#....≈....#.©.#.....#
########§..###########..#
+.©.+..#...#.........#..#8*
+...+^.#...#..##.##..#..##
#+#+#++#...#.##...##.#..#
+...+..#...#.#.wD..#.#..# *
+...+..#...#....@....#..#
#...#++#...#.#.....#.#..#
+++#.h#...#.##...## ,.*
,.8....#...#..##.## ,*
?©=!..#...#...!©( *,,
#######...####### *,,*
.©.#....≈....#.©.*,, ,
...#...≈8≈...#...# , ***
.©.#....≈....#.© *


You could see a four-headed hydra and a torpor snail.

Vanquished Creatures
  Erica (D:9)
  An orc high priest (Orc:2)
  An orc knight (Orc:2)
  An orc sorcerer (Orc:2)
  2 trolls
  4 hornets
  A yak (D:8)
  2 wyverns (D:8)
  A steam dragon (D:9)
  4 water moccasins
  9 orc warriors
  An acid dragon (D:8)
  4 black bears
  2 sky beasts (D:6)
  3 ogres
  A centaur (D:7)
  A kobold brigand (D:9)
  5 bullfrogs
  2 scorpions
  3 wights (D:8)
  5 killer bees (D:7)
  2 hounds
  6 orc priests
  2 gnoll boudas
  Ijyb (D:3)
  4 iguanas
  5 orc wizards
  4 gnolls (D:8)
  An adder (D:4)
  A shadow imp (D:6)
  A white imp (D:8)
  2 ufetubi
  A dart slug (D:4)
  42 orcs
  3 endoplasms (D:1)
  5 hobgoblins
  10 kobolds
  A quokka (D:2)
  4 ball pythons
  5 bats
  A goblin (D:1)
  2 rats
157 creatures vanquished.

Vanquished Creatures (collateral kills)
  An orc warrior (Orc:2)
  A gnoll bouda (D:6)
  An orc priest (Orc:2)
  5 orcs (Orc:2)
8 creatures vanquished.

Vanquished Creatures (others)
  An orc warrior (Orc:2)
  An orc (D:4)
  3 kobolds (D:9)
5 creatures vanquished.

Grand Total: 170 creatures vanquished

Notes
Turn   | Place    | Note
-------+----------+-------------------------------------------
     0 | D:1      | redmage the Meteoran Earth Elementalist began the quest for
                  | the Orb.
     0 | D:1      | Reached XP level 1. HP: 14/14 MP: 5/5
    61 | D:1      | Reached XP level 2. HP: 20/20 MP: 1/6
    94 | D:1      | Learned a level 2 spell: Passwall
   129 | D:2      | Reached XP level 3. HP: 26/26 MP: 5/8
   137 | D:2      | Learned a level 3 spell: Stone Arrow
   173 | D:3      | Reached skill level 1 in Conjurations
   173 | D:3      | Reached XP level 4. HP: 33/33 MP: 4/9
   204 | D:4      | Reached skill level 5 in Earth Magic
   204 | D:4      | Reached XP level 5. HP: 35/38 MP: 1/10
   226 | D:4      | Noticed an ogre
   228 | D:4      | Killed an ogre
   229 | D:4      | Reached XP level 6. HP: 23/45 MP: 2/11
   252 | D:5      | Entered Level 5 of the Dungeon
   252 | D:5      | Noticed Grinder
   275 | D:4      | Noticed an ogre
   409 | D:3      | Noticed Ijyb
   414 | D:3      | Killed Ijyb
   437 | D:4      | Killed an ogre
   438 | D:4      | Reached XP level 7. HP: 50/50 MP: 4/12
   501 | D:6      | Reached skill level 5 in Conjurations
   544 | D:6      | Reached XP level 8. HP: 57/57 MP: 7/13
   592 | D:7      | Found an ancient bone altar of Kikubaaqudgha.
   812 | D:7      | Found a hide-covered altar of Uskayaw.
   829 | D:7      | Gained mutation: You passively map the area around you.
                  | [Meteoran growth]
   829 | D:7      | Reached XP level 9. HP: 37/62 MP: 3/14
   862 | D:7      | Found a staircase to the Ecumenical Temple.
   871 | Temple   | Entered the Ecumenical Temple
   884 | Temple   | Became a worshipper of Cheibriados the Contemplative
   955 | D:8      | Reached skill level 10 in Earth Magic
   985 | D:8      | Reached skill level 1 in Throwing
   999 | D:8      | Reached skill level 1 in Armour
  1030 | D:8      | Reached XP level 10. HP: 31/69 MP: 1/15
  1045 | D:8      | Found a staircase to the Lair.
  1066 | D:8      | Reached * piety under Cheibriados
  1080 | D:8      | Learned a level 4 spell: Petrify
  1154 | D:8      | Reached skill level 1 in Fighting
  1154 | D:8      | Reached skill level 5 in Dodging
  1231 | D:9      | Learned a level 6 spell: Starburst
  1293 | D:9      | Reached skill level 1 in Fire Magic
  1300 | D:9      | Reached ** piety under Cheibriados
  1303 | D:9      | Found a staircase to the Orcish Mines.
  1310 | D:9      | Reached skill level 2 in Fire Magic
  1337 | Orc:1    | Entered Level 1 of the Orcish Mines
  1361 | Orc:1    | Reached skill level 3 in Fire Magic
  1374 | Orc:2    | Entered Level 2 of the Orcish Mines
  1399 | Orc:2    | Reached skill level 1 in Invocations
  1405 | Orc:2    | Reached skill level 4 in Fire Magic
  1459 | Orc:2    | Noticed an orc high priest
  1477 | Orc:2    | Noticed an orc knight
  1477 | Orc:2    | Noticed an orc sorcerer
  1481 | Orc:2    | Killed an orc sorcerer
  1482 | Orc:2    | Reached skill level 5 in Fire Magic
  1482 | Orc:2    | Reached *** piety under Cheibriados
  1483 | Orc:2    | Reached skill level 6 in Fire Magic
  1483 | Orc:2    | Reached XP level 11. HP: 59/78 MP: 13/18
  1501 | Orc:2    | Killed an orc knight
  1502 | Orc:2    | Reached skill level 7 in Fire Magic
  1519 | Orc:2    | Noticed a sun demon
  1524 | Orc:2    | Killed an orc high priest
  1525 | Orc:2    | Reached skill level 8 in Fire Magic
  1539 | Orc:2    | Reached skill level 9 in Fire Magic
  1544 | Orc:2    | Noticed an orc knight
  1597 | D:9      | Noticed Erica
  1618 | D:9      | Killed Erica
  1619 | D:9      | Reached skill level 10 in Fire Magic
  1760 | Lair:1   | Entered Level 1 of the Lair of Beasts
  1762 | Lair:1   | Found a gate leading to a gauntlet.
  1776 | Gauntlet | Entered a Gauntlet
  1776 | Gauntlet | Noticed a sixfirhy
  1776 | Gauntlet | Found a transporter.
  1776 | Gauntlet | Found a transporter.
  1778 | Gauntlet | Found a transporter.
  1780 | Gauntlet | Found a transporter.
  1782 | Gauntlet | Found a transporter.
  1782 | Gauntlet | Found a large runed translucent door.
  1783 | Gauntlet | Found a large runed translucent door.
  1783 | Gauntlet | Noticed a six-headed hydra
  1784 | Gauntlet | Found a transporter.
  1784 | Gauntlet | Found a large runed translucent door.
  1784 | Gauntlet | Found a large runed translucent door.
  1784 | Gauntlet | Found a runed translucent door.
  1785 | Gauntlet | Found a runed translucent door.
  1785 | Gauntlet | Found a large runed translucent door.
  1786 | Gauntlet | Found a large runed translucent door.
  1786 | Gauntlet | Found a large runed translucent door.
  1786 | Gauntlet | Found a large runed translucent door.
  1786 | Gauntlet | Found a large runed translucent door.
  1786 | Gauntlet | Found a large runed translucent door.
  1787 | Gauntlet | Found a large runed translucent door.
  1787 | Gauntlet | Found a large runed translucent door.
  1788 | Gauntlet | Found a runed translucent gate.
  1788 | Gauntlet | Found a runed translucent gate.
  1788 | Gauntlet | Found a runed translucent gate.
  1790 | Gauntlet | Found a transporter.
  1790 | Gauntlet | Noticed a torpor snail
  1794 | Gauntlet | Found a transporter.
  1796 | Gauntlet | Found a transporter.
  1796 | Gauntlet | Found a transporter.
  1830 | Gauntlet | Reached skill level 11 in Fire Magic
  1833 | Gauntlet | Reached skill level 1 in Long Blades
  1845 | Gauntlet | Identified the +1 hat of Cilamnef {rF+ Int+2}
  1872 | Gauntlet | Slain by a four-headed hydra

Illustrated notes

Levels and vault maps discovered:
D:1:      amcnicky_arrival_underground_garden, layout_basic,
          shapermc_ecumenical_altar_petra, minmay_misc_feat_doors,
          kennysheep_flooded_box, minmay_tetromino_t2
D:2:      layout_basic
D:3:      layout_basic, nicolae_ru_awakened_eye, uniq_robin, uniq_ijyb
D:4:      layout_cave_pools, gup_sewer_entry_bubbles
D:5:      layout_rooms, uniq_pikel, uniq_grinder, uniq_prince_ribbit1
D:6:      layout_cave_pools, st_stairs_2
D:7:      layout_basic, mainiacjoe_overflow_boulevard,
          mainiacjoe_overflow_paths, minmay_temple_entry_slanted,
          kennysheep_another_room, minmay_tree_intersection
D:8:      layout_loops_ring, nicolae_yredelemnul_corpse_copse,
          due_lair_maze_entry_diamond, gammafunk_ghost_ooze, minivault_11,
          kennysheep_generic_room_7, uniq_grum
D:9:      layout_small_grid, hiddenorc2_lemuel, uniq_erica
Temple:   cyrus_circular_temple
Lair:1:   layout_chaotic_city, gauntlet_entry_generic,
          gammafunk_ghost_hydra_chop, minivault_26
Orc:1:    layout_diamond_mine
Orc:2:    grunt_orc_cross, layout_diamond_mine, serial_shops, shop, mines2_david
Gauntlet: gammafunk_gauntlet_hard_choice [gammafunk_gauntlet_arena_split_x,
          gammafunk_gauntlet_arena_hedges,
          gammafunk_gauntlet_arena_split_diamond,
          minmay_gauntlet_arena_make_your_own_arena,
          gammafunk_gauntlet_arena_teeth, gammafunk_gauntlet_arena_corners,
          nicolae_gauntlet_exit_dead_adventurers]

Skill      XL: |  1  2  3  4  5  6  7  8  9 10 11 |
---------------+----------------------------------+-----
Earth Magic    | 4 5 6 7 9 10 | 10.3
Spellcasting   | 3 4 |  4.5
Conjurations   | 1 2 3 4 6 7 9 |  9.3
Transmutations | 2 4 |  4.2
Throwing       | 3 4 |  4.0
Armour         | 2 3 |  3.5
Dodging        | 3 5 |  5.5
Fighting       | 1 |  1.6
Fire Magic     | 6 11 | 11.3
Invocations    | 1 |  1.9
Long Blades    | 1 |  1.6
Stealth        | |  1.4

Action                     |  1- 3 |  4- 6 |  7- 9 | 10-12 || total
---------------------------+-------+-------+-------+-------++-------
  Melee: Short sword       |     8 |       |       |       ||     8
         War axe           |       |       |    14 |    57 ||    71
         Punch             |       |       |       |     1 ||     1
         Scimitar          |       |       |       |     7 ||     7
  Throw: Throwing net      |       |       |       |     1 ||     1
   Cast: Sandblast         |    26 |    25 |    28 |    51 ||   130
         Passwall          |     1 |       |       |     3 ||     4
         Stone Arrow       |       |    14 |    31 |    52 ||    97
  Evoke: Wand              |       |     1 |     2 |    36 ||    39
    Use: Potion            |     1 |       |     1 |     7 ||     9
         Scroll            |       |     1 |     5 |     1 ||     7
 Armour: Robe              |     7 |    18 |    18 |     1 ||    44
         Skin              |       |       |    24 |    39 ||    63
         Acid dragon scale |       |       |       |    51 ||    51
         Troll leather arm |       |       |       |    12 ||    12
  Dodge: Dodged            |    14 |    11 |    41 |   113 ||   179

Table legend: (Time is in decaauts)
 A = Elapsed time spent in this place.
 B = Non-inter-level travel time spent in this place.
 C = Inter-level travel time spent in this place.
 D = Time resting spent in this place.
 E = Time spent auto-exploring this place.
 F = Levels seen in this place.
 G = Mean time per level.
                   A        B        C        D        E       F      G
               +--------+--------+--------+--------+--------+-----+--------+
         Total |   2258 |   2114 |    144 |     30 |      0 |  14 |  161.3 |
       Dungeon |   1742 |   1647 |     95 |     27 |      0 |   9 |  193.6 |
        Temple |     30 |      3 |     27 |      0 |      0 |   1 |   30.0 |
          Lair |     21 |     21 |      0 |      0 |      0 |   1 |   21.0 |
  Orcish Mines |    308 |    286 |     22 |      3 |      0 |   2 |  154.0 |
      Gauntlet |    156 |    156 |      0 |      0 |      0 |   1 |  156.0 |
               +--------+--------+--------+--------+--------+-----+--------+

Top non-repeatable levels by time:
     D:8: 451 daAuts
     D:9: 353 daAuts
     D:6: 255 daAuts
   Orc:2: 233 daAuts
     D:4: 164 daAuts
     D:7: 162 daAuts
Gauntlet: 156 daAuts
     D:3: 116 daAuts
     D:1: 105 daAuts
   Orc:1: 74 daAuts
     D:2: 71 daAuts
     D:5: 62 daAuts
  Temple: 30 daAuts
  Lair:1: 21 daAuts
